 Dungeon Crawl Stone Soup version 0.30-a0-859-gf88a04b62d (webtiles) character file.

Game seed: 8048107922396342466

7 Esekla the Sneak (level 2, -6/21 HPs)
             Began as an Octopode Delver on Mar 6, 2023.
             Mangled by a sleepcap (8 damage)
             ... on level 5 of the Dungeon.
             The game lasted 00:01:35 (117 turns).

Esekla the Sneak (Octopode Delver)                   Turns: 117, Time: 00:01:36

Health: -6/21      AC:  1    Str: 11    XL:     2   Next: 4%
Magic:  2/2        EV: 13    Int: 12    God:
Gold:   0          SH:  0    Dex: 13    Spells: 1/1 levels left

rFire   . . .      SeeInvis .    a - +0 falchion
rCold   . . .      Faith    .    (no shield)
rNeg    . . .      Spirit   .    (helmet restricted)
rPois   .          Reflect  .    (no amulet)
rElec   .          Rampage  .    (no ring)
rCorr   .                        (no ring)
Will    .....                    (no ring)
Stlth   ++++                     (no ring)
HPRegen 0.23/turn                (no ring)
MPRegen 0.08/turn                (no ring)
                                 (no ring)
                                 (no ring)

@: no status effects
A: almost no armour, amphibious, 8 rings, camouflage 1, gelatinous body 1,
(nimble swimmer 1), tentacles
a: no special abilities


You were on level 5 of the Dungeon.
You visited 1 branch of the dungeon, and saw 1 of its levels.

Inventory:

Hand Weapons
 a - a +0 falchion (weapon)
Wands
 f - a wand of digging (3)
Scrolls
 b - a scroll of fog
 c - 2 scrolls of identify {unknown}
 d - a scroll of fear
Potions
 e - a potion of haste
 g - a potion of flight {unknown}
 h - 2 potions of resistance {unknown}


   Skills:
 * Level 3.1 Fighting
 * Level 2.1 Long Blades
 * Level 2.0 Dodging
 + Level 6.8 Stealth
 * Level 0.2 Spellcasting


You had one spell level left.
You didn't know any spells.
Your spell library was empty.

Dungeon Overview and Level Annotations

Branches:
Dungeon (5/15)
 Temple: D:4-7

Altars:
Wu Jian


Innate Abilities, Weirdness & Mutations

You cannot wear most types of armour.
You are amphibious.
You can wear up to eight rings at the same time.
Your skin changes colour to match your surroundings (Stealth+).
Your rubbery body absorbs attacks. (AC +1, EV +1)
((You are camouflaged when in or above water. (Stealth+)))
You have tentacles for arms and can constrict up to eight enemies at once.


Message History

An orc comes into view.
It is wielding a +0 hand axe and quivering silver boomerangs.
Found a scroll labelled LUERHETAUQA.
An iguana comes into view.
Found a scroll labelled ESCHUN YPHOGITH.
You see here a scroll labelled FUMOEHESCHA.
c - 2 scrolls labelled FUMOEHESCHA (gained 1)
You start resting.
HP restored.
A sleepcap comes into view.
Found 2 bubbling inky potions.
You see here 2 bubbling inky potions.
h - 2 bubbling inky potions The sleepcap barely misses you.
You hit the sleepcap but do no damage. You grab the sleepcap.
You squeeze the sleepcap, but do no damage.
You constrict the sleepcap, but do no damage.
The sleepcap closely misses you.
You hit the sleepcap.
The sleepcap is lightly damaged.
You constrict the sleepcap. The sleepcap barely misses you.
The sleepcap releases spores at you.
You are engulfed in a cloud of soporific spores!
You hit the sleepcap. You squeeze the sleepcap.
The sleepcap is heavily damaged.
You constrict the sleepcap. The sleepcap releases spores at you!
You are engulfed in a cloud of soporific spores!
You hit the sleepcap.
The sleepcap is severely damaged.
You constrict the sleepcap, but do no damage.
The sleepcap releases spores at you.
* * * LOW HITPOINT WARNING * * *
You are engulfed in a cloud of soporific spores!
You hit the sleepcap.
The sleepcap is severely damaged.
You constrict the sleepcap. The sleepcap barely misses you.
You hit the sleepcap.
The sleepcap is almost destroyed.
You constrict the sleepcap, but do no damage.
The sleepcap releases spores at you!
You die...

,,,,,,,,* #....#
#.#,......... ,,,,,,,,*
#....######.#..)...##..
,,,,,,,,*
#...........#......*#..
,,,,,,,,*
#....########,,..,,*#..
,,,,,,,,* ###.##
*,,.,,,*###
,,,,,,,.#####.#####
**,,,,,,** *
,,,,,,............#
*,,,,,,,,* *
,,,,,,............#
*,,,,,,,,* *
******#........f@.#
*,,,,,,,,* *
#...........#
*,,,,,,,,* *
#...........#
*,,,,,,,,* *
#...........#
*,,,,,,,,* *
#...........#
*,,,,,,,,* *
*...........#
*,,,,,,,,* *
*,,.........#
*,,,****** *
*,,.........# *******
**** *,,,,,,,,,,,*
***_***8**


You could see a sleepcap.

Vanquished Creatures
  A shadow imp (D:5)
1 creature vanquished.

Notes
Turn   | Place    | Note
-------+----------+-------------------------------------------
     0 | D:5      | Esekla the Octopode Delver began the quest for the Orb.
     0 | D:5      | Reached XP level 1. HP: 16/16 MP: 1/1
     2 | D:5      | Found an ornate altar of the Wu Jian Council.
     9 | D:5      | Noticed a phantom
    38 | D:5      | Reached XP level 2. HP: 7/21 MP: 2/2
   117 | D:5      | Mangled by a sleepcap

Illustrated notes

Levels and vault maps discovered:
D:5:      layout_basic, overflow_temple_1_default,
          nicolae_overflow_hidden_temple

Action                     || total
---------------------------++-------
  Melee: Falchion          ||     9
         Tentacles         ||     3
         Constrict         ||     1
    Use: Scroll            ||     1
   Stab: Sleeping          ||     1
  Dodge: Dodged            ||     4

Table legend: (Time is in decaauts)
 A = Elapsed time spent in this place.
 B = Non-inter-level travel time spent in this place.
 C = Inter-level travel time spent in this place.
 D = Time resting spent in this place.
 E = Time spent auto-exploring this place.
 F = Levels seen in this place.
 G = Mean time per level.
                   A        B        C        D        E       F      G
               +--------+--------+--------+--------+--------+-----+--------+
         Total |    118 |    118 |      0 |     27 |      0 |   1 |  118.0 |
       Dungeon |    118 |    118 |      0 |     27 |      0 |   1 |  118.0 |
               +--------+--------+--------+--------+--------+-----+--------+

Top non-repeatable levels by time:
     D:5: 118 daAuts
